 Dungeon Sprint DCSS version 0.30.1-11-g7821555f0a (webtiles) character file.

Game seed: 7561513030033800124

45540 Groucho the Devastator (level 14, -1/82 HPs)
             Began as a Deep Elf Earth Elementalist on Dec 31, 2023.
             Was the Champion of Sif Muna.
             Slain by a ghost moth (4 damage)
             ... in the Dungeon (Sprint VII: "The Pits").
             The game lasted 00:58:34 (28674 turns).

Groucho the Devastator (DEEE)                      Turns: 28674, Time: 00:58:35

Health: -1/82      AC: 21    Str:  6 (7)  XL:     14   Next: 1%
Magic:  0/34       EV: 21    Int: 21 (26) God:    Sif Muna [******]
Gold:   47         SH:  0    Dex: 14 (15) Spells: 1/41 levels left

rFire   . . .        r - +2 rapier of Due Proportion {vamp, Will+ Str+2}
rCold   . . .        (no shield)
rNeg    . . .        H - +3 swamp dragon scales
rPois   +            (no helmet)
rElec   .            (no cloak)
rCorr   .            C - +1 pair of gloves
SInv    .            E - +1 pair of boots
Will    ++...        (no amulet)
Stlth   ++++         o - +3 ring of protection
HPRegen 0.33/turn    J - +5 ring of evasion
MPRegen 0.24/turn

%: no teleportation
@: studying Invocations
A: no striking features
a: Renounce Religion, Channel Magic, Forget Spell, Divine Exegesis


You were in the Dungeon.
You worshipped Sif Muna.
Sif Muna was exalted by your worship.
You visited 1 branch You collected 47 gold pieces.

Inventory:

Hand Weapons
 a - the +8 mithril axe "Arga" {speed, Will+}
   (You found it in the Dungeon)

   Will:      It increases your willpower.
 c - a +2 dagger
 k - a +1 dagger of electrocution
 r - the +2 rapier of Due Proportion (weapon) {vamp, Will+ Str+2}
   (You found it in the Dungeon)

   Str:       It affects your strength (+2).
   Will:      It increases your willpower.
 B - the +11 scimitar of Ketsoal {flame, rN+ Dex+2}
   (You took it off a minotaur in the Dungeon)

   Dex:       It affects your dexterity (+2).
   rN:        It protects you from negative energy.
 I - the +6 rapier "Nujoor" {pain, rPois MP-9 Int+2}
   (You found it in the Dungeon)

   Int:       It affects your intelligence (+2).
   rPois:     It protects you from poison.
   MP:        It affects your magic capacity (-9).
Missiles
 b - 2 throwing nets
Armour
 t - a +5 ring mail of fire resistance
 C - a +1 pair of gloves (worn)
 E - a +1 pair of boots (worn)
 G - +2 acid dragon scales
 H - +3 swamp dragon scales (worn)
Magical Staves
 x - a staff of cold
 F - a staff of earth
Jewellery
 l - a ring of ice
 n - a +3 ring of protection
 o - a +3 ring of protection (left hand)
 s - the ring of Iqonwotz {Fire *Slow Will+ Str+2 Int+2}
   (You took it off a deep elf pyromancer in the Dungeon)

   [ring of fire]

   It enhances your fire magic.
   Str:       It affects your strength (+2).
   Int:       It affects your intelligence (+2).
   rF:        It protects you from fire.
   rC:        It makes you vulnerable to cold.
   *Slow:     It may slow you when you take damage.
   Will:      It increases your willpower.
 u - a ring of protection from cold
 J - a +5 ring of evasion (right hand)
 K - a +6 ring of dexterity
Wands
 g - a wand of charming (2)
 p - a wand of flame (9)
 v - a wand of polymorph (3)
Scrolls
 i - 3 scrolls of amnesia
 m - a scroll of identify
 y - 7 scrolls of enchant armour
 z - 2 scrolls of fear
 A - 2 scrolls of enchant weapon
 D - 2 scrolls of immolation
Potions
 d - a potion of lignification {unknown}
 e - 2 potions of curing
 f - 4 potions of berserk rage
 h - a potion of invisibility
 j - 2 potions of brilliance
 q - a potion of might
 w - a potion of flight


   Skills:
 - Level 7.0 Fighting
 + Level 7.8 Short Blades
 - Level 12.0 Armour
 - Level 18.0 Dodging
 - Level 10.0 Stealth
 + Level 14.0 Spellcasting
 + Level 19.4 Conjurations
 - Level 5.0 Summonings
 - Level 10.0 Necromancy
 - Level 14.0 Transmutations
 + Level 13.3 Fire Magic
 + Level 15.0 Earth Magic


You had one spell level left.
You knew the following spells:

 Your Spells              Type           Power      Damage    Failure   Level
a - Stone Arrow           Conj/Erth      100%       3d13      1%          3
b - Iron Shot             Conj/Erth      36%        9d7       1%          6
c - Petrify               Tmut/Erth      66%        N/A       1%          4
d - Borgnjor's Vile Clut  Necr/Erth      30%        N/A       1%          5
e - Iskenderun's Battles  Conj           77%        2d13      1%          5
f - Magic Dart            Conj           100%       1d8       0%          1
g - Irradiate             Conj/Tmut      35%        3d23      1%          5
h - Lee's Rapid Deconstr  Erth           33%        3d17*     1%          5
i - Starburst             Conj/Fire      35%        6d10      2%          6

Your spell library contained the following spells:

 Spells                   Type           Power      Damage    Failure   Level
 Foxfire                  Conj/Fire      100%       2x1d9     0%          1
 Beastly Appendage        Tmut           100%       N/A       1%          1
 Necrotise                Necr           100%       1d9       1%          1
 Sandblast                Erth           100%       2d20      1%          1
 Shock                    Conj/Air       100%       1d9       1%          1
 Sting                    Tmut/Pois      100%       1d8       1%          1
 Searing Ray              Conj           100%       2d8       0%          2
 Passwall                 Tmut/Erth      55%        N/A       1%          2
 Static Discharge         Conj/Air       100%       2-7/arc   1%          2
 Sublimation of Blood     Necr           54%        N/A       1%          2
 Wereblood                Tmut           65%        N/A       1%          2
 Dazzling Flash           Conj/Hex       100%       N/A       1%          3
 Hailstorm                Conj/Ice       53%        3d12      1%          3
 Ignite Poison            Fire/Tmut/Pois 52%        N/A       1%          3
 Spider Form              Tmut/Pois      44%        N/A       1%          3
 Animate Armour           Summ/Erth      100%       N/A       1%          4
 Dispel Undead            Necr           54%        3d20      1%          4
 Flame Wave               Conj/Fire      70%        2d16      1%          4
 Sticky Flame             Conj/Fire      70%        2d8       1%          4
 Fireball                 Conj/Fire      35%        3d15      1%          5
 Call Imp                 Summ           70%        N/A       2%          2
 Inner Flame              Hex/Fire       42%        N/A       2%          3
 Mephitic Cloud           Conj/Pois/Air  41%        N/A       2%          3
 Volatile Blastmotes      Fire/Tloc      84%        2d17      2%          3
 Fulminant Prism          Conj/Hex       26%        3d14      2%          4
 Iskenderun's Mystic Bla  Conj/Tloc      53%        2d11      2%          4
 Orb of Destruction       Conj           38%        9d11      3%          7
 Cigotuvi's Dreadful Rot  Necr/Pois/Air  56%        N/A       4%          2
 Statue Form              Tmut/Erth      44%        N/A       4%          6
 Leda's Liquefaction      Hex/Erth       23%        N/A       5%          4
 Agony                    Necr           54%        N/A       5%          5
 Arcjolt                  Conj/Air       26%        1d36      6%          5
 Summon Guardian Golem    Hex/Summ       25%        N/A       13%         3
 Anguish                  Hex/Necr       17%        N/A       16%         4
 Lesser Beckoning         Tloc           28%        N/A       19%         2
 Poisonous Vapours        Pois/Air       28%        N/A       19%         2
 Alistair's Intoxication  Tmut/Pois      29%        N/A       19%         5
 Yara's Violent Unravell  Hex/Tmut       22%        3d10      19%         5
 Freezing Cloud           Conj/Ice/Air   20%        6-21      24%         5
 Death Channel            Necr           27%        N/A       30%         6
 Confusing Touch          Hex            14%        N/A       34%         3
 Gell's Gravitas          Tloc           14%        N/A       34%         3
 Ozocubu's Armour         Ice            14%        N/A       34%         3
 Swiftness                Air            14%        N/A       34%         3
 Teleport Other           Tloc           14%        N/A       34%         3
 Vhi's Electric Charge    Tloc/Air       28%        N/A       34%         3
 Conjure Ball Lightning   Conj/Air       26%        3x3d7     34%         6
 Summon Ice Beast         Ice/Summ       25%        N/A       38%         4
 Summon Lightning Spire   Summ/Air       25%        N/A       38%         4
 Spellforged Servitor     Conj/Summ      30%        N/A       56%         7
 Lehudib's Crystal Spear  Conj/Erth      36%        10d9      56%         8
 Eringya's Noxious Bog    Tmut/Pois      22%        N/A       71%         6
 Airstrike                Air            7%         2d(1-17)  75%         4
 Cause Fear               Hex            7%         N/A       75%         4
 Olgreb's Toxic Radiance  Pois           14%        N/A       75%         4
 Summon Forest            Summ/Tloc      12%        N/A       75%         5
 Summon Mana Viper        Hex/Summ       25%        N/A       75%         5
 Plasma Beam              Fire/Air       21%        2x1d36    77%         6
 Simulacrum               Ice/Necr       17%        N/A       93%         6
 Metabolic Englaciation   Hex/Ice        7%         N/A       97%         5
 Silence                  Hex/Air        7%         N/A       97%         5
 Haunt                    Necr/Summ      23%        N/A       99%         7
 Storm Form               Tmut/Air       22%        N/A       99%         7
 Necromutation            Tmut/Necr      30%        N/A       99%         8
 Enfeeble                 Hex            7%         N/A       100%        7
 Borgnjor's Revivificati  Necr           27%        N/A       100%        8
 Infestation              Necr           27%        N/A       100%        8
 Maxwell's Capacitive Co  Air            7%         ∞         100%        8
 Death's Door             Necr           27%        N/A       100%        9
 Fire Storm               Conj/Fire      35%        8d9       100%        9


Dungeon Overview and Level Annotations

Branches:
Dungeon (1/1)

Altars:
Ashenzari
Cheibriados
Dithmenos
Elyvilon
Fedhas
Gozag
Hepliaklqana
Kikubaaqudgha
Makhleb
Nemelex Xobeh
Okawaru
Qazlal
Ru
Sif Muna
Trog
Uskayaw
Vehumet
Wu Jian
Xom
Yredelemnul
Zin
The Shining One
Jiyva
Lugonu


Message History

Unknown command.
Unknown command.
You barely miss something.
You feel you are being watched by something.
Something barely misses you. Something hits you. Something stings you!
* * * LOW HITPOINT WARNING * * *
You feel dopey.
Unknown command.
Unknown command.
You feel better.
You feel you are being watched by something.
You feel your power leaking away. Something hits you!
* * * LOW HITPOINT WARNING * * *
Something misses you. x2
Unknown command.
Unknown command.
You barely miss something. Something hits you!
* * * LOW HITPOINT WARNING * * *
Something hits you but does no damage. Something closely misses you.
Unknown command.
Unknown command.
Unknown command.
There is a large open door to the Hallway of Sentries (Extremely Hard) here.
Something completely misses you. Something hits you but does no damage.
Something stings you but does no damage.
You feel you are being watched by something.
Something hits you!
* * * LOW HITPOINT WARNING * * *
You feel clumsy. Something hits you but does no damage.
Something stings you but does no damage.
Unknown command.
Okay, then.
Okay, then.
You hit something but do no damage.
You feel you are being watched by something.
You feel your power leaking away.
Something barely misses you. x2; Something stings you.
You die...

#+# #.# #'#
################'#
.).)............@#
).............)..#
)##############..#
[...#.#.#[#[[[#..#
..#N#.#.#.#.#[#..#
......#.#[#[.[#..#
..#.#.#.#[##.##..#
......#'#'#.[[#..#
..#.#.#...#[#.#..#


There were no monsters in sight!

Vanquished Creatures
  A shadow dragon (D)
  Kirke (D)
  A nagaraja (D)
  A fire giant (D)
  A draconian scorcher (D)
  2 orc warlords (D)
  A spriggan defender (D)
  A black draconian (D)
  2 minotaurs (D)
  A green death (D)
  4 vault guards (D)
  Harold (D)
  A hydra (D)
  An ice dragon (D)
  A great orb of eyes (D)
  A catoblepas (D)
  An alligator snapping turtle (D)
  An anaconda (D)
  A centaur warrior (D)
  A two-headed ogre (D)
  5 naga warriors (D)
  A vampire mage (D)
  A deep elf knight (D)
  Sonja (D)
  An iron troll (D)
  A deep troll (D)
  A spriggan druid (D)
  A sea snake (D)
  A bog body (D)
  3 deep elf pyromancers (D)
  A necromancer (D)
  13 orc knights (D)
  A wizard (D)
  3 wolf spiders (D)
  A salamander (D)
  Pikel (D)
  An elephant (D)
  A cyclops (D)
  A demonic crawler (D)
  A black mamba (D)
  Joseph (D)
  A smoke demon (D)
  A cane toad (D)
  A rime drake (D)
  An unseen horror (D)
  A freezing wraith (D)
  A red devil (D)
  A tyrant leech (D)
  2 wandering mushrooms (D)
  A wind drake (D)
  A hellwing (D)
  A troll (D)
  4 dream sheep (D)
  11 blink frogs (D)
  A snapping turtle (D)
  A wyvern (D)
  2 hogs (D)
  A human (D)
  A fire elemental (D)
  A chaos spawn (D)
  A basilisk (D)
  A steam dragon (D)
  A redback (D)
  A warg (D)
  4 vampire mosquitoes (D)
  A naga (D)
  A water moccasin (D)
  2 orc warriors (D)
  A swamp drake (D)
  3 sky beasts (D)
  An ogre (D)
  3 centaurs (D)
  A lemure (D)
  A gnoll sergeant (D)
  2 scorpions (D)
  A necrophage (D)
  2 small abominations (D)
  A crimson imp (D)
  3 jellies (D)
  A quasit (D)
  2 gnoll boudas (D)
  2 iron imps (D)
  An iguana (D)
  A hell rat (D)
  11 gnolls (D)
  An adder (D)
  A river rat (D)
  2 ufetubi (D)
  An adder zombie (D)
  An adder skeleton (D)
  A worm (D)
  2 orcs (D)
  2 bats (D)
  2 bat zombies (D)
  An endoplasm (D)
  A giant cockroach (D)
  2 goblins (D)
  4 jackals (D)
  A ball python simulacrum (D)
  2 ball python zombies (D)
  A jackal skeleton (D)
  A quokka skeleton (D)
  A rat (D)
176 creatures vanquished.

Vanquished Creatures (others)
  A deep elf pyromancer (D)
1 creature vanquished.

Grand Total: 177 creatures vanquished

Notes
Turn   | Place    | Note
-------+----------+-------------------------------------------
     0 | D        | Groucho the Deep Elf Earth Elementalist began the quest for
                  | the Orb.
     0 | D        | Reached XP level 1. HP: 10/10 MP: 6/6
   292 | D        | Found a bloodstained altar of Trog.
   292 | D        | Found a shimmering blue altar of Sif Muna.
   292 | D        | Found a viscous altar of Jiyva.
   292 | D        | Found a hazy altar of Hepliaklqana.
   292 | D        | Found an opulent altar of Gozag.
   293 | D        | Found a glowing golden altar of the Shining One.
   293 | D        | Found a glowing silver altar of Zin.
   293 | D        | Found a basalt altar of Yredelemnul.
   293 | D        | Found a shimmering altar of Xom.
   293 | D        | Found an ornate altar of the Wu Jian Council.
   293 | D        | Found a sacrificial altar of Ru.
   293 | D        | Found a stormy altar of Qazlal.
   293 | D        | Found an iron altar of Okawaru.
   293 | D        | Found a sparkling altar of Nemelex Xobeh.
   293 | D        | Found a burning altar of Makhleb.
   293 | D        | Found a blossoming altar of Fedhas.
   293 | D        | Found a white marble altar of Elyvilon.
   293 | D        | Found a shadowy altar of Dithmenos.
   293 | D        | Found a snail-covered altar of Cheibriados.
   294 | D        | Found a radiant altar of Vehumet.
   294 | D        | Found a corrupted altar of Lugonu.
   295 | D        | Found a hide-covered altar of Uskayaw.
   295 | D        | Found an ancient bone altar of Kikubaaqudgha.
   295 | D        | Found a broken altar of Ashenzari.
   297 | D        | Became a worshipper of Sif Muna the Loreminder
   304 | D        | Noticed a scorpion
   350 | D        | Reached skill level 5 in Spellcasting
   350 | D        | Reached skill level 5 in Earth Magic
   350 | D        | Reached XP level 2. HP: 12/15 MP: 5/10
   355 | D        | Killed a scorpion
   356 | D        | Reached XP level 3. HP: 17/19 MP: 4/13
   356 | D        | Reached XP level 4. HP: 21/24 MP: 4/15
   360 | D        | Learned a level 3 spell: Stone Arrow
   534 | D        | Reached * piety under Sif Muna
   759 | D        | Reached ** piety under Sif Muna
   761 | D        | Noticed a scorpion
   763 | D        | Killed a scorpion
   764 | D        | Reached skill level 1 in Fighting
   764 | D        | Reached skill level 1 in Short Blades
   764 | D        | Reached skill level 1 in Armour
   764 | D        | Reached skill level 1 in Conjurations
   764 | D        | Reached XP level 5. HP: 29/29 MP: 14/17
  1039 | D        | Reached skill level 2 in Conjurations
  1042 | D        | Noticed a sky beast
  1043 | D        | Reached *** piety under Sif Muna
  1057 | D        | Killed a sky beast
  1057 | D        | Reached **** piety under Sif Muna
  1058 | D        | Reached skill level 3 in Conjurations
  1058 | D        | Reached XP level 6. HP: 17/35 MP: 15/19
  1077 | D        | Reached skill level 5 in Stealth
  1674 | D        | Reached skill level 5 in Dodging
  1974 | D        | Reached skill level 4 in Conjurations
  2530 | D        | Noticed Joseph
  2537 | D        | Killed Joseph
  2537 | D        | Reached ***** piety under Sif Muna
  2538 | D        | Reached skill level 5 in Short Blades
  2538 | D        | Reached skill level 5 in Conjurations
  2538 | D        | Reached skill level 5 in Transmutations
  2538 | D        | Reached XP level 7. HP: 19/42 MP: 2/22
  2926 | D        | Learned a level 4 spell: Petrify
  2935 | D        | Received a gift from Sif Muna
  3318 | D        | Got Sif Muna's Encyclopedia of Fascination and Shades {god
                  | gift}
  3990 | D        | Reached skill level 10 in Spellcasting
  3990 | D        | Reached XP level 8. HP: 45/48 MP: 13/24
  4007 | D        | Killed an unseen horror
  4008 | D        | Reached skill level 10 in Earth Magic
  4312 | D        | Found the +8 mithril axe "Arga" {speed, Will+}
  4338 | D        | Got the +2 rapier of Due Proportion {vamp, Will+ Str+2}
  4772 | D        | Reached skill level 6 in Conjurations
  5470 | D        | Noticed a deep troll
  5494 | D        | Killed a deep troll
  5494 | D        | Received a gift from Sif Muna
  5495 | D        | Reached skill level 5 in Fighting
  5495 | D        | Reached skill level 5 in Armour
  5495 | D        | Reached skill level 7 in Conjurations
  5495 | D        | Got Sif Muna's Compendium of Blasted Conflagration {god
                  | gift}
  5503 | D        | Learned a level 6 spell: Iron Shot
  6170 | D        | Reached XP level 9. HP: 54/54 MP: 18/25
  6740 | D        | Noticed Pikel
  6745 | D        | Noticed a smoke demon
  6783 | D        | Received a gift from Sif Muna
  6784 | D        | Got Sif Muna's Compendium of the Missiles {god gift}
  6838 | D        | Learned a level 5 spell: Iskenderun's Battlesphere
  6840 | D        | Learned a level 1 spell: Magic Dart
  7111 | D        | Noticed Sonja
  7128 | D        | Killed Pikel
  7129 | D        | Reached skill level 10 in Stealth
  7129 | D        | Reached skill level 8 in Conjurations
  7130 | D        | Killed Sonja
  7142 | D        | Reached XP level 10. HP: 31/61 MP: 6/27
  7149 | D        | Reached ****** piety under Sif Muna
  7149 | D        | Received a gift from Sif Muna
  7150 | D        | Reached skill level 9 in Conjurations
  7180 | D        | Killed a smoke demon
  7187 | D        | Learned a level 5 spell: Irradiate
  7340 | D        | Noticed a sea snake
  7344 | D        | Killed a sea snake
  7777 | D        | Reached skill level 10 in Dodging
  8003 | D        | Noticed an orc knight
  8007 | D        | Received a gift from Sif Muna
  8019 | D        | Got Sif Muna's Incunabulum of Phantasmal Teratogeny {god
                  | gift}
  8782 | D        | Reached skill level 10 in Conjurations
  8790 | D        | Killed an orc knight
  8791 | D        | Reached skill level 10 in Transmutations
  8791 | D        | Received a gift from Sif Muna
  8792 | D        | Got Sif Muna's Reference Book on Kinetic Fumes {god gift}
  9579 | D        | Noticed a deep elf pyromancer
  9609 | D        | Killed a deep elf pyromancer
  9610 | D        | Reached skill level 11 in Conjurations
  9613 | D        | Reached XP level 11. HP: 26/67 MP: 4/30
 10205 | D        | Noticed a five-headed hydra
 10211 | D        | Noticed a wizard
 10217 | D        | Killed a five-headed hydra
 10217 | D        | Received a gift from Sif Muna
 10228 | D        | Killed a wizard
 11324 | D        | Received a gift from Sif Muna
 11325 | D        | Reached skill level 12 in Conjurations
 11681 | D        | Noticed a necromancer
 11693 | D        | Received a gift from Sif Muna
 11702 | D        | Got Sif Muna's Folio of Ill Luck and Transformation {god
                  | gift}
 12094 | D        | Noticed a two-headed ogre
 12110 | D        | Killed a two-headed ogre
 12114 | D        | Killed a necromancer
 12115 | D        | Reached skill level 13 in Conjurations
 12631 | D        | Received a gift from Sif Muna
 12640 | D        | Got Sif Muna's Octavo of Freezing and Contamination {god
                  | gift}
 12646 | D        | Learned a level 4 spell: Flame Wave
 12653 | D        | Learned a level 6 spell: Starburst
 12870 | D        | Noticed a minotaur
 12876 | D        | Killed a minotaur
 12877 | D        | Reached skill level 1 in Fire Magic
 12879 | D        | Received a gift from Sif Muna
 12880 | D        | Got Sif Muna's Treatise on Black Rituals {god gift}
 13288 | D        | Learned a level 5 spell: Borgnjor's Vile Clutch
 13576 | D        | Noticed a vampire mage
 13587 | D        | Killed a vampire mage
 13588 | D        | Reached skill level 1 in Summonings
 13588 | D        | Reached skill level 1 in Necromancy
 14465 | D        | Noticed a green death
 14472 | D        | Killed a green death
 14473 | D        | Reached skill level 14 in Conjurations
 14760 | D        | Noticed a great orb of eyes
 14760 | D        | Noticed Harold
 14769 | D        | Killed Harold
 14770 | D        | Reached XP level 12. HP: 66/72 MP: 5/32
 14777 | D        | Killed a great orb of eyes
 15418 | D        | Noticed a naga warrior
 15446 | D        | Received a gift from Sif Muna
 15447 | D        | Got Iptim's Discursus on Arctic Putrescence {god gift}
 15782 | D        | Noticed an orc warlord
 16078 | D        | Killed an orc warlord
 16395 | D        | Reached skill level 15 in Conjurations
 16395 | D        | Reached skill level 5 in Fire Magic
 16930 | D        | Reached skill level 10 in Armour
 16930 | D        | Reached skill level 5 in Necromancy
 17531 | D        | Noticed a naga warrior
 17538 | D        | Killed a naga warrior
 17539 | D        | Reached skill level 5 in Summonings
 17600 | D        | Killed a naga warrior
 18089 | D        | Received a gift from Sif Muna
 18090 | D        | Got Sif Muna's Advanced Steps in Thaumaturgy {god gift}
 18565 | D        | Noticed a naga warrior
 18569 | D        | Killed a naga warrior
 18570 | D        | Reached skill level 16 in Conjurations
 19321 | D        | Noticed a naga warrior
 19333 | D        | Killed a naga warrior
 19333 | D        | Received a gift from Sif Muna
 19334 | D        | Got Sif Muna's Experienced Spellcraft {god gift}
 19427 | D        | Noticed an orc warlord
 19475 | D        | Killed an orc warlord
 19819 | D        | Noticed a naga warrior
 19829 | D        | Killed a naga warrior
 20610 | D        | Noticed a vault guard
 20625 | D        | Killed a vault guard
 20626 | D        | Reached skill level 17 in Conjurations
 20626 | D        | Reached XP level 13. HP: 76/76 MP: 15/33
 21400 | D        | Noticed a black draconian
 21438 | D        | Reached skill level 15 in Dodging
 21775 | D        | Killed a black draconian
 21986 | D        | Noticed a red draconian scorcher
 21991 | D        | Received a gift from Sif Muna
 21992 | D        | Killed a red draconian scorcher
 21993 | D        | Got Sif Muna's Treatise on the Grim Birds {god gift}
 23366 | D        | Got the +6 chain mail of Untold Secrets {Str+3 Stlth+}
 23465 | D        | Reached skill level 18 in Conjurations
 24219 | D        | Got the +6 rapier "Nujoor" {pain, rPois MP-9 Int+2}
 24307 | D        | Learned a level 5 spell: Lee's Rapid Deconstruction
 24338 | D        | Noticed a fire giant
 24338 | D        | Noticed a spriggan defender
 24338 | D        | Noticed an eidolon
 24341 | D        | Reached skill level 10 in Necromancy
 24416 | D        | Killed a spriggan defender
 24416 | D        | Received a gift from Sif Muna
 24417 | D        | Reached skill level 10 in Fire Magic
 24417 | D        | Reached skill level 15 in Earth Magic
 24419 | D        | Got Sif Muna's Cyclopedia of Metamorphic Blasphemous Spells
                  | {god gift}
 24801 | D        | Killed a fire giant
 25453 | D        | Noticed a shadow dragon
 25456 | D        | Received a gift from Sif Muna
 25628 | D        | Identified the +2 demon whip "Baupp" {venom, Fly}
 25930 | D        | Identified the ring of Iqonwotz {Fire *Slow Will+ Str+2
                  | Int+2}
 25934 | D        | Received a gift from Sif Muna
 25935 | D        | Got Sif Muna's Handbook of the Assembled Sun {god gift}
 27225 | D        | Identified the +5 great sword of Exoneration {spect, Contam
                  | +Blink rElec Will-}
 27225 | D        | Noticed Kirke
 27229 | D        | Killed Kirke
 27229 | D        | Received a gift from Sif Muna
 27332 | D        | Reached skill level 19 in Conjurations
 27682 | D        | Identified the +11 scimitar of Ketsoal {flame, rN+ Dex+2}
 27682 | D        | Noticed a minotaur
 27689 | D        | Killed a minotaur
 27735 | D        | Noticed a nagaraja
 27789 | D        | Killed a shadow dragon
 28152 | D        | Got Sif Muna's Elucidation of the Zephyr and Ill Luck {god
                  | gift}
 28235 | D        | Got the Directory of Septic Moulding
 28309 | D        | Killed a nagaraja
 28310 | D        | Reached XP level 14. HP: 78/82 MP: 17/34
 28673 | D        | HP: 3/82 [something (13)]
 28674 | D        | Slain by a ghost moth

Illustrated notes

Levels and vault maps discovered:
D:        pitsprint [storerooms_1, entrance_room_1, metal_vault_8, armoury_3,
          mini_pit_1, grid_room_1, main_hall_1, silver_pit, the_coven_3,
          the_vestibule_1, steel_vault_3, golden_pit, hallway_of_sentries,
          crystal_vault_4, iron_vault_4, final_vault]

Skill      XL: |  1  2  3  4  5  6  7  8  9 10 11 12 13 |
---------------+----------------------------------------+-----
Spellcasting   | 5 7 8 9 10 11 13 14 | 14.0
Earth Magic    | 5 7 8 9 10 11 12 14 15 | 15.0
Fighting       | 1 2 3 4 5 6 7 |  7.0
Short Blades   | 1 2 5 7 |  7.8
Armour         | 1 2 3 4 5 6 8 9 10 12 | 12.0
Dodging        | 3 4 5 7 9 11 13 14 18 | 18.0
Stealth        | 3 4 6 7 9 10 | 10.0
Conjurations   | 1 3 5 7 8 11 14 17 19 | 19.4
Transmutations | 2 3 5 7 9 10 12 14 | 14.0
Fire Magic     | 3 7 13 | 13.3
Summonings     | 2 5 |  5.0
Necromancy     | 3 8 10 | 10.0

Action                     |  1- 3 |  4- 6 |  7- 9 | 10-12 | 13-15 || total
---------------------------+-------+-------+-------+-------+-------++-------
  Melee: Unarmed           |     1 |       |       |       |       ||     1
         Dagger            |       |       |    12 |    37 |     4 ||    53
         Punch             |       |       |     1 |     1 |     2 ||     4
         Broad axe         |       |       |     1 |       |     1 ||     2
         Rapier            |       |       |       |       |    42 ||    42
         Staff             |       |       |       |       |     2 ||     2
   Cast: Sandblast         |    12 |    18 |       |     7 |       ||    37
         Stone Arrow       |       |    18 |    42 |    79 |    13 ||   152
         Petrify           |       |       |     8 |    15 |       ||    23
         Magic Dart        |       |       |       |    26 |       ||    26
         Iskenderun's Batt |       |       |       |     9 |       ||     9
         Irradiate         |       |       |       |    12 |       ||    12
         Iron Shot         |       |       |       |    56 |    56 ||   112
         Borgnjor's Vile C |       |       |       |    22 |    43 ||    65
         Lee's Rapid Decon |       |       |       |       |     4 ||     4
    Use: Potion            |     3 |     2 |     6 |    12 |    14 ||    37
         Scroll            |       |       |     1 |     4 |     1 ||     6
   Stab: Petrifying        |       |       |     2 |     1 |       ||     3
         Petrified         |       |       |     5 |    13 |       ||    18
 Armour: Robe              |     2 |     1 |     2 |       |       ||     5
         Ring mail         |       |       |    35 |    61 |       ||    96
         Swamp dragon scal |       |       |       |       |    56 ||    56
  Dodge: Dodged            |     9 |    10 |    29 |    75 |   121 ||   244
